Unix NetHack Version 3.7.0-102 Work-in-progress - last build Apr 6 2024 13:22:21 (d302a6a9ff6341f1a922d8f5af178406b35fdf99,branch:master). Game began 2024-05-01 17:57:19, ended 2024-05-02 08:04:49. xororand, neutral male human Priest -- --.-- ....| -... |..---- |.....| |..--.| --..|.----- --.|......| ---..------.--| -.....-- |...--....|..- |........####^#<.##..###..| - |.......#| --.|---- -#)#-. -.......-- |.| #.... --- ........| |.| .....--F. -.)| -......-------.----------.....a@. ---..-- |...----|...[.................... ---.[...| ----- |............-----............|..>....| --..)..)..(.[.^...................-- --.---.---------.----------------- --- -- Xororand the Adept St:15 Dx:11 Co:13 In:10 Wi:18 Ch:12 Neutral S:2924 Dlvl:6 $:0 HP:0(42) Pw:9(85) AC:3 Xp:6/508 T:3769 Satiated Latest messages: The rothe hits! The rothe just misses! The rothe bites! You fail to cast the spell correctly. You hit the rothe! You miss the rothe. The rothe hits! The rothe bites! The rothe bites again! The dwarf shoots an arrow! The arrow hits the rothe. What do you want to wield? [- ap or ?*] a You are already wielding that! You miss the rothe. The rothe hits! The rothe bites! The rothe bites again! The dwarf shoots an arrow! The arrow misses the rothe. An arrow misses you. You climb up the stairs. You hit the dwarf! You miss the dwarf. You kill the dwarf! E - 2 tripe rations. F - a yellow gem. You are in full health. A lit field surrounds you! Really step onto that squeaky board? [yn] (n) n You don't have enough energy to cast that spell. You hit the giant beetle! You miss the giant beetle. The giant beetle bites! You miss the giant beetle. You hit the giant beetle. You hit the giant beetle! You miss the giant beetle. The giant beetle bites! You hit the giant beetle. The giant beetle bites! You hit the giant beetle! The giant beetle bites! You miss the giant beetle. The giant beetle bites! You die... Do you want your possessions identified? [ynq] (y) n Do you want to see your attributes? [ynq] (y) n Do you want an account of creatures vanquished? [ynaq] (y) n Do you want to see your conduct and achievements? [ynq] (y) n Do you want to see the dungeon overview? [ynq] (y) n Inventory: Weapons a - a blessed +1 mace (weapon in right hand) Armor X - a +0 dwarvish iron helm (being worn) n - a +0 pair of iron shoes (being worn) c - a +0 small shield (being worn) b - a +0 robe (being worn) Comestibles E - 2 tripe rations Scrolls v - 2 scrolls of enchant armor s - a scroll of fire h - a scroll of light M - 2 scrolls of teleportation Potions o - a potion of sickness t - a potion of sleeping Rings D - a ring of shock resistance Wands j - a wand of digging (0:0) q - a wand of speed monster (0:3) Tools x - a bag of holding containing 22 items A - a bag of tricks (0:6) R - an oil lamp p - a +0 pick-axe k - a skeleton key Gems/Stones F - a worthless piece of yellow glass Contents of the bag of holding: 582 gold pieces 7 +0 shuriken a slime mold a carrot a clove of garlic a cram ration a sprig of wolfsbane 2 tins of large kobold meat 3 lichen corpses a spellbook of slow monster a spellbook of cure blindness a spellbook of dig a spellbook of clairvoyance a spellbook of turn undead a spellbook of force bolt a potion of holy water 4 potions of water a worthless piece of black glass an obsidian stone an aquamarine stone a worthless piece of violet glass a worthless piece of white glass Xororand the Priest's attributes: Background: You were an Adept, a level 6 human Priest. You were neutral, on a mission for Camaxtli who was opposed by Quetzalcoatl (lawful) and Huhetotl (chaotic). You were right-handed. You were in the Gnomish Mines, on level 6. You entered the dungeon 3769 turns ago. You had 508 experience points, 132 more were needed to attain level 7. Your score was 2924 before end-of-game adjustments. Basics: You had 0 out of 42 hit points. You had 9 out of 85 energy points (spell power). Your armor class was 3. Your wallet was empty, but you had 582 zorkmids stashed away in your pack. Autopickup was off. Final Characteristics: Your strength was 15 (limit:18/100). Your dexterity was 11 (limit:18). Your constitution was 13 (limit:18). Your intelligence was 10 (limit:18). Your wisdom was 18 (limit:18). Your charisma was 12 (limit:18). Final Status: You were satiated. You were unencumbered. You were wielding a mace. You were skilled in mace. Final Attributes: You were piously aligned. You were telepathic. You were guarded. You are dead. Miscellaneous: You never encountered a bones level. Total elapsed playing time was 19 minutes and 27 seconds. Major events: Turn 1: xororand the neutral human Priest entered the dungeon 752: read a Discworld novel 1035: attained the rank of Acolyte (level 3) 2453: entered the Gnomish Mines 2834: attained the rank of Adept (level 6) 3236: reached Mine Town 3769: killed by a giant beetle Vanquished creatures: a snake a fog cloud a shrieker 4 gnome leaders 3 gnomish wizards 2 gray oozes 4 floating eyes 3 dwarves a homunculus 2 rothes a centipede a giant bat 2 acid blobs 4 coyotes 6 manes a large kobold a hobgoblin a yellow mold 22 gnomes 4 geckos 7 jackals 2 goblins 2 sewer rats 3 grid bugs 7 lichens a kobold zombie 4 newts 91 creatures vanquished. No species were genocided or became extinct. Voluntary challenges: You read items or engraved 14 times. You engraved Elbereth 6 times. You never genocided any monsters. You never polymorphed an object. You never changed form. You used no wishes. Achievements: You entered a shop. You read from a Discworld novel. You attained the rank of Acolyte. You entered the Gnomish Mines. You attained the rank of Adept. You entered Minetown. The Dungeons of Doom: levels 1 to 4 Level 1: A grave. Level 2: Some fountains. Level 3: An altar to Camaxtli, a fountain, a grave. Level 4: Stairs down to The Gnomish Mines. The Gnomish Mines: levels 5 to 7 Level 5: Level 6: <- You were here. Final resting place for you, killed by a giant beetle. Level 7: A delicatessen. Game over: ---------- / \ / REST \ / IN \ / PEACE \ / \ | xororand | | 582 Au | | killed by a | | giant beetle | | | | | | 2024 | *| * * * | * _________)/\\_//(\/(/\)/\//\/|_)_______ Goodbye xororand the Priest... You died in The Gnomish Mines on dungeon level 6 with 2866 points, and 582 pieces of gold, after 3769 moves. You were level 6 with a maximum of 42 hit points when you died.